 Dungeon Crawl Stone Soup version bcrawl-1.36.3 (webtiles) character file.

Game seed: 1103014364062917879

234135 KristoblXynda the Slasher (level 9, -8/71 HPs)
             Began as a Demonspawn Gladiator on June 16, 2022.
             Was an Initiate of Gozag.
             Mangled by a bullfrog (10 damage)
             ... on level 6 of the Dungeon.
             The game lasted 00:09:55 (6987 turns).

KristoblXynda the Slasher (Demonspawn Gladiator)    Turns: 6987, Time: 00:09:55

Health: -8/71      AC:  4    Str: 22    XL:     9   Next: 11%
Magic:  9/9        EV: 15    Int: 10    God:    Gozag
Gold:   535        SH:  2    Dex: 15    Spells: 8/8 levels left

rFire    + . .     SeeInvis .   a - +0 long sword
rCold    . . .     Gourm    .   (no shield)
rNeg     . . .     Faith    .   B - +1 robe {rF+}
rPois    +         Spirit   .   (helmet restricted)
rElec    .         Reflect  .   (no cloak)
rCorr    .                      (gloves unavailable)
MR       +....                  C - +0 pair of boots
Stlth    ++........             (no amulet)
HPRegen  0.21/turn              w - ring of protection from magic
MPRegen  0.11/turn              o - ring of poison resistance

@: mighty, gold aura
A: antennae 1, claws 3, talons 2, nightstalker 1
a: Potion Petition, Call Merchant, Bribe Branch, Renounce Religion


You were on level 6 of the Dungeon.
You worshipped Gozag.
Gozag was pleased with you.
You were not hungry.

You visited 2 branches of the dungeon, and saw 7 of its levels.
You also visited: Sewer and Ossuary.

You collected 780 gold pieces.
You paid 245 gold pieces to Gozag.

Inventory:

Hand Weapons
 a - a +0 long sword (weapon)
Armour
 B - a +1 robe of fire resistance (worn)
 C - a +0 pair of boots (worn)
Jewellery
 h - an uncursed ring of resist corrosion
 o - a ring of poison resistance (right claw)
 w - a ring of protection from magic (left claw)
Wands
 A - a wand of polymorph (2)
Scrolls
 b - a scroll of blinking {unknown}
 c - 3 scrolls of teleportation
 f - 2 scrolls of immolation
 g - 5 scrolls of remove curse
 i - a scroll of identify
 k - a scroll of enchant armour
 l - a scroll of amnesia
 m - a scroll of enchant weapon
 z - a scroll of magic mapping
Potions
 j - a potion of agility {unknown}
 n - 3 potions of curing
 p - a potion of resistance {unknown}
 q - 3 potions of cancellation
 r - 3 potions of flight
 s - 5 potions of brilliance
 t - 3 potions of mutation
 u - a potion of haste
 x - a potion of magic
 y - a potion of lignification {unknown}
Comestibles
 e - 8 rations {!d}


   Skills:
 + Level 6.5 Fighting
 * Level 7.2 Long Blades
 - Level 2.0 Throwing
 - Level 4.3 Armour
 + Level 5.9 Dodging


You had 8 spell levels left.
You didn't know any spells.
Your spell library was empty.

Dungeon Overview and Level Annotations

Branches:
Dungeon (6/12)             Temple (1/1) D:5

Altars:
Ashenzari
Cheibriados
Dithmenos
Elyvilon
Fedhas
Gozag
Hepliaklqana
Kikubaaqudgha
Lugonu
Makhleb
Nemelex Xobeh
Okawaru
Qazlal
Ru
Sif Muna
Trog
Uskayaw
Vehumet
Wu Jian
Xom
Yredelemnul
Zin
The Shining One

Shops:
D:5 %


Innate Abilities, Weirdness & Mutations

You have a pair of small antennae on your head.
You have claws for hands.
You have razor-sharp toenails.
You are slightly more attuned to the shadows.


Message History

The crimson imp is distracted by your dazzling golden aura.
The gnoll barely misses you. The bullfrog hits you!
* * * LOW HITPOINT WARNING * * *
The jackal barks!
No path to travel!
The crimson imp shouts!
The crimson imp is no longer distracted by gold.
You closely miss the bullfrog.
The bullfrog is moderately wounded.
The bullfrog closely misses you.
The crimson imp is distracted by your dazzling golden aura.
The gnoll hits you from afar with a +0 spear.
* * * LOW HITPOINT WARNING * * *
You block the bullfrog's attack.
You slash the bullfrog!
The bullfrog is almost dead.
The bullfrog closely misses you. The gnoll closely misses you.
The bullfrog hits you!
You die...
Your body crumbles into a pile of gold.

##. .g.
#K. #g#
##5# #.h#
#$#
#g#####.#
#.F@....#
#########


You could see a bullfrog and a gnoll.

Vanquished Creatures
  Grinder (D:3)
  Prince Ribbit (D:5)
  Sigmund (D:4)
  A crocodile (D:6)
  An orc warrior (D:3)
  2 ogres (D:4)
  2 ice beasts (D:5)
  A phantom (D:5)
  A big kobold (Sewer)
  3 bullfrogs
  Blork the orc (D:5)
  2 crimson imps
  A howler monkey (D:4)
  A bullfrog zombie (D:5)
  An orc wizard (D:3)
  A bullfrog skeleton (D:4)
  5 worker ants
  A hound zombie (D:4)
  A hound skeleton (D:4)
  8 mummies (Ossuary)
  A worker ant zombie (D:5)
  Robin (D:2)
  8 adders
  3 oozes
  2 adder skeletons (D:4)
  2 worms
  A dart slug (D:3)
  5 leopard geckos
  4 orcs
  8 giant cockroaches
  A gnoll zombie (Ossuary)
  7 goblins
  5 hobgoblins
  11 jackals
  A quokka (D:2)
  A ball python (Sewer)
  5 bats
  4 frilled lizards
  3 hobgoblin zombies (Ossuary)
  22 kobolds
  A kobold zombie (Ossuary)
  3 orc zombies (Ossuary)
  6 rats
141 creatures vanquished.

Notes
Turn   | Place    | Note
-------+----------+-------------------------------------------
     0 | D:1      | KristoblXynda the Demonspawn Gladiator began the quest for
                  | the Orb.
     0 | D:1      | Reached XP level 1. HP: 18/18 MP: 1/1
   227 | D:1      | Gained mutation: You have sharp toenails. [demonic
                  | ancestry]
   227 | D:1      | Reached XP level 2. HP: 24/24 MP: 2/2
   667 | D:2      | Reached skill level 3 in Long Blades
   805 | D:2      | Reached XP level 3. HP: 29/29 MP: 3/3
   975 | D:2      | Noticed Robin
   994 | D:2      | Killed Robin
   995 | D:2      | Reached skill level 1 in Armour
  1676 | D:3      | Gained mutation: You have a pair of small antennae on your
                  | head. [demonic ancestry]
  1676 | D:3      | Reached XP level 4. HP: 35/35 MP: 4/4
  1909 | D:3      | Found a radiant altar of Vehumet.
  1917 | D:3      | Noticed an orc warrior
  1941 | D:3      | Killed an orc warrior
  1942 | D:3      | Gained mutation: You have sharp fingernails. [demonic
                  | ancestry]
  1942 | D:3      | Reached XP level 5. HP: 16/42 MP: 5/5
  2197 | D:3      | Found a faded altar of an unknown god.
  2335 | D:3      | Noticed Grinder
  2343 | D:3      | Paralysed by Grinder for 2 turns
  2345 | D:3      | Killed Grinder
  2346 | D:3      | Reached skill level 4 in Long Blades
  2346 | D:3      | Gained mutation: You are slightly more attuned to the
                  | shadows. [demonic ancestry]
  2346 | D:3      | Reached XP level 6. HP: 34/49 MP: 6/6
  2581 | D:4      | Found a glowing drain.
  2630 | Sewer    | Entered a sewer
  2683 | Sewer    | Gained mutation: You have razor-sharp toenails. [demonic
                  | ancestry]
  2683 | Sewer    | Reached XP level 7. HP: 44/55 MP: 7/7
  3524 | D:4      | Noticed Sigmund
  3533 | D:4      | Killed Sigmund
  3534 | D:4      | Reached skill level 5 in Fighting
  3534 | D:4      | Reached skill level 5 in Long Blades
  3856 | D:4      | Gained mutation: You have very sharp fingernails. [demonic
                  | ancestry]
  3856 | D:4      | Reached XP level 8. HP: 62/62 MP: 8/8
  3895 | D:4      | Got a brightly glowing war axe
  4129 | D:4      | Reached skill level 5 in Dodging
  4292 | D:5      | Entered Level 5 of the Dungeon
  4296 | D:5      | Identified the +3 war axe of Youthful Indiscretion {venom,
                  | rElec Str-3 Dex-5 SInv} (You found it on level 4 of the
                  | Dungeon)
  4318 | D:5      | Found Hytiruk's Food Boutique.
  4383 | D:5      | Found a staircase to the Ecumenical Temple.
  4423 | D:5      | Found a sand-covered staircase.
  4431 | Ossuary  | Entered an ossuary
  5127 | D:5      | Reached skill level 6 in Long Blades
  5353 | D:5      | Noticed Blork the orc
  5358 | D:5      | Found a blossoming altar of Fedhas.
  5365 | D:5      | Killed Blork the orc
  6172 | D:5      | Noticed Prince Ribbit
  6334 | Temple   | Entered the Ecumenical Temple
  6444 | Temple   | Became a worshipper of Gozag Ym Sagoz the Greedy
  6479 | D:5      | Found a sacrificial altar of Ru.
  6581 | D:5      | Killed Prince Ribbit
  6830 | D:6      | Reached skill level 7 in Long Blades
  6830 | D:6      | Gained mutation: You have claws for hands. [demonic
                  | ancestry]
  6830 | D:6      | Reached XP level 9. HP: 34/71 MP: 9/9
  6983 | D:6      | HP: 2/71 [bullfrog (10)]
  6987 | D:6      | Mangled by a bullfrog

Skill      XL: |  1  2  3  4  5  6  7  8 |
---------------+-------------------------+-----
Throwing       | 2 |  2.0
Long Blades    | 3 4 5 7 |  7.2
Dodging        | 3 4 5 |  5.9
Armour         | 1 2 3 4 |  4.3
Fighting       | 4 5 6 |  6.5

Action                   |  1- 3 |  4- 6 |  7- 9 || total
-------------------------+-------+-------+-------++-------
Melee: Long sword        |   119 |    87 |   324 ||   530
       Kick              |    23 |    27 |   102 ||   152
       Unarmed           |       |       |     6 ||     6
Throw: Throwing net      |       |     2 |     2 ||     4
Invok: Potion Petition   |       |       |     1 ||     1
Evoke: Wand              |       |     9 |     3 ||    12
  Use: Scroll            |     2 |     2 |    14 ||    18
       Potion            |     1 |       |    10 ||    11
 Stab: Sleeping          |     1 |       |     7 ||     8
       Held in net/web   |       |     1 |     3 ||     4
       Invisible         |       |       |     4 ||     4
  Eat: Chunk             |     6 |     5 |    15 ||    26
       Ration            |       |       |     2 ||     2
Armor: Leather armour    |    32 |    13 |    31 ||    76
       Robe              |       |       |     9 ||     9
Dodge: Dodged            |    84 |    62 |   233 ||   379
Block: Other             |       |     2 |    14 ||    16
